 Dungeon Crawl Stone Soup version 0.30-a0-1103-g25895a7845 (webtiles) character file.

Game seed: 15827090130392187966

625 NateTC the Covered (level 7, -2/55 HPs)
             Began as a Formicid Fighter on Apr 19, 2023.
             Slain by an ogre
             ... wielding a +0 giant spiked club
              (20 damage)
             ... on level 5 of the Dungeon.
             The game lasted 00:07:08 (4440 turns).

NateTC the Covered (Formicid Fighter)               Turns: 4440, Time: 00:07:09

Health: -2/55      AC: 16    Str: 22    XL:     7   Next: 76%
Magic:  7/7        EV:  6    Int:  8    God:
Gold:   328        SH:  5    Dex: 13    Spells: 6/6 levels left

rFire   . . .      SeeInvis +    a - +0 long sword (vamp)
rCold   . . .      Faith    .    c - +0 buckler
rNeg    . . .      Spirit   .    h - +0 plate armour
rPois   .          Reflect  .    (helmet unavailable)
rElec   .          Rampage  .    (no cloak)
rCorr   .                        (no gloves)
Will    .....                    j - +2 pair of boots Stlth
                                 (no amulet)
HPRegen 0.29/turn                (no ring)
MPRegen 0.10/turn                (no ring)

@: no status effects
A: permanent stasis, dig shafts and tunnels, antennae 3, four strong arms
a: Dig, Shaft Self


You were on level 5 of the Dungeon.
You visited 1 branch of the dungeon, and saw 5 of its levels.
You also visited: Ossuary.

You collected 328 gold pieces.

Inventory:

Hand Weapons
 a - a +0 vampiric long sword (weapon)
Armour
 c - a +0 buckler (worn)
 h - a +0 plate armour (worn)
 j - a +2 pair of boots (worn)
Jewellery
 b - a ring of wizardry
 n - an amulet of reflection
Scrolls
 p - a scroll of identify
Potions
 d - 2 potions of might
 e - a potion of lignification {unknown}
 f - 2 potions of flight
 g - 3 potions of heal wounds
 i - a potion of magic {unknown}
 k - a potion of berserk rage {unknown}
 l - a potion of attraction {unknown}
 m - 2 potions of curing
 o - a potion of ambrosia {unknown}
 q - 2 potions of mutation {unknown}


   Skills:
 * Level 4.6 Fighting
 - Level 4.3 Long Blades
 - Level 6.3 Armour
 * Level 6.0 Shields


You had 6 spell levels left.
You didn't know any spells.
Your spell library contained the following spells:

 Spells                   Type           Power      Damage    Failure   Level
 Slow                     Hex            0%         N/A       100%        1
 Confusing Touch          Hex            0%         N/A       100%        3
 Vampiric Draining        Necr           0%         2d6       100%        3


Dungeon Overview and Level Annotations

Branches:
Dungeon (5/15) Zot: 26028 Ossuary (visited)
 Temple: D:4-7

Altars:


Innate Abilities, Weirdness & Mutations

You cannot be hasted, slowed, berserked, paralysed or teleported.
You can dig through walls and to a lower floor.
You have a pair of large antennae on your head. (SInv)
Your four strong arms can wield two-handed weapons with a shield.


Message History

You barely miss the ogre. You block the ogre's attack.
An ogre is nearby!
You barely miss the ogre.
An ogre is nearby!
You completely miss the ogre. You block the ogre's attack.
An ogre is nearby!
You barely miss the ogre. You block the ogre's attack.
An ogre is nearby!
You barely miss the ogre. You block the ogre's attack.
An ogre is nearby!
You hit the ogre.
The ogre is lightly wounded.
The ogre barely misses you.
An ogre is nearby!
You hit the ogre.
The ogre is moderately wounded.
An ogre is nearby!
You hit the ogre but do no damage.
The ogre is moderately wounded.
The ogre hits you with a +0 giant spiked club!
An ogre is nearby!
You hit the ogre.
You feel better.
The ogre is moderately wounded.
The ogre hits you with a +0 giant spiked club!!
An ogre is nearby!
You are too injured to fight recklessly!
An ogre is nearby!
You are too injured to fight recklessly!
You barely miss the ogre.
The ogre is moderately wounded.
You block the ogre's attack.
You barely miss the ogre.
The ogre is moderately wounded.
The ogre hits you with a +0 giant spiked club.
You slash the ogre!
The ogre is severely wounded.
You barely miss the ogre.
The ogre is severely wounded.
The ogre hits you with a +0 giant spiked club!!
You die...

..............
.............
............
...........
..........#
..........#
.......O..#
.......@..+
..........#
........######'#......
........#......#......
........#......# .....
........#......# .....
........#.†....# ....
........#......# ....
........####'###


You could see an ogre.

Vanquished Creatures
  A phantom (D:5)
  An elf zombie (Ossuary)
  A scorpion (D:4)
  2 centaur zombies (Ossuary)
  2 orc priests
  2 orc wizards (D:5)
  3 hound zombies (Ossuary)
  3 mummies (Ossuary)
  A gnoll (D:1)
  4 adders
  An ufetubus (D:4)
  3 adder zombies (Ossuary)
  4 worms
  6 orcs
  6 ball pythons
  5 bats
  9 endoplasms
  3 giant cockroaches
  2 hobgoblins
  3 jackals (D:3)
  3 quokkas
  4 frilled lizards
  3 gnoll zombies (Ossuary)
  5 goblins
  6 goblin zombies
  3 hobgoblin zombies (Ossuary)
  5 jackal zombies (Ossuary)
  3 kobolds (D:1)
  5 kobold zombies (Ossuary)
  2 orc zombies (Ossuary)
  2 quokka zombies (Ossuary)
  5 rats
  3 rat zombies (Ossuary)
111 creatures vanquished.

Notes
Turn   | Place    | Note
-------+----------+-------------------------------------------
     0 | D:1      | NateTC the Formicid Fighter began the quest for the Orb.
     0 | D:1      | Reached XP level 1. HP: 18/18 MP: 1/1
   265 | D:1      | Reached XP level 2. HP: 24/24 MP: 2/2
   297 | D:1      | Found a faded altar of an unknown god.
   298 | D:1      | Noticed a shining eye
   303 | D:1      | Noticed a shining eye
   303 | D:1      | Noticed a golden eye
   303 | D:1      | Noticed a great orb of eyes
   424 | D:1      | Reached XP level 3. HP: 13/29 MP: 3/3
   947 | D:2      | Reached skill level 5 in Shields
   947 | D:2      | Reached XP level 4. HP: 34/35 MP: 4/4
  2187 | D:3      | Reached XP level 5. HP: 23/41 MP: 5/5
  2640 | D:4      | Found a sand-covered staircase.
  2656 | Ossuary  | Entered an ossuary
  2689 | Ossuary  | Reached skill level 5 in Armour
  2725 | Ossuary  | Reached XP level 6. HP: 40/47 MP: 6/6
  3198 | Ossuary  | Reached XP level 7. HP: 52/53 MP: 7/7
  4289 | D:5      | Entered Level 5 of the Dungeon
  4440 | D:5      | Slain by an ogre

Illustrated notes

Levels and vault maps discovered:
D:1:      dpeg_cavernosity, layout_loops_ring,
          hellmonk_ecumenical_altar_watching_god
D:2:      layout_basic, serial_forest, infiniplex_forest_straight_3,
          infiniplex_forest_clump_small, infiniplex_forest_straight_1,
          infiniplex_forest_clump_cross, infiniplex_forest_clump_tiny,
          infiniplex_forest_lined_1, minmay_crystal_water
D:3:      layout_basic
D:4:      layout_loops_ring, serial_rivers, chequers_serial_rivers_large_b,
          chequers_serial_rivers_micro_b, chequers_serial_rivers_small_3,
          chequers_serial_rivers_large_a, chequers_serial_rivers_micro_b,
          enter_ossuary_4
D:5:      layout_gridville, kennysheep_little_box, minmay_gold_behind_fungi,
          minmay_a_box_with_orc_wizards_in_it

Skill      XL: |  1  2  3  4  5  6  7 |
---------------+----------------------+-----
Armour         | 4 5 6 |  6.3
Shields        | 5 6 |  6.0
Long Blades    | 3 4 |  4.3
Fighting       | 4 |  4.6

Action                     |  1- 3 |  4- 6 |  7- 9 || total
---------------------------+-------+-------+-------++-------
  Melee: Long sword        |    92 |   274 |   127 ||   493
    Use: Scroll            |     4 |    10 |       ||    14
         Potion            |       |       |     1 ||     1
 Armour: Scale mail        |    43 |    14 |       ||    57
         Chain mail        |       |    18 |       ||    18
         Plate armour      |       |   233 |   116 ||   349
  Dodge: Dodged            |    35 |   103 |    53 ||   191
  Block: Buckler           |    28 |    99 |    40 ||   167

Table legend: (Time is in decaauts)
 A = Elapsed time spent in this place.
 B = Non-inter-level travel time spent in this place.
 C = Inter-level travel time spent in this place.
 D = Time resting spent in this place.
 E = Time spent auto-exploring this place.
 F = Levels seen in this place.
 G = Mean time per level.
                   A        B        C        D        E       F      G
               +--------+--------+--------+--------+--------+-----+--------+
         Total |   4612 |   4455 |    157 |    625 |   2593 |   6 |  768.7 |
       Dungeon |   3970 |   3813 |    157 |    390 |   2543 |   5 |  794.0 |
       Ossuary |    641 |    641 |      0 |    235 |     50 |   1 |  641.0 |
               +--------+--------+--------+--------+--------+-----+--------+

Top non-repeatable levels by time:
     D:4: 1184 daAuts
     D:2: 1035 daAuts
     D:1: 863 daAuts
     D:3: 726 daAuts
 Ossuary: 641 daAuts
     D:5: 161 daAuts
